zoologist, lawful female human Archeologist ------ ---------- --------- |`....# .....(...| |..(*"..| |....|# #|...>(....# |.?!!%.!| |....|# ##.........|# #-....%.%| |....|# # |........|# #--------- ---+--# # -+--------# ## ### # # # # # ######################## # ### # ####### ----.-----------# # # #------ -..............|# ###-----# #+....| |...............# #-..<|# |....|# |...{..........| |...-# |....|# r-..............| |...| #......#########@#---------------- |..`+##########|....|# ----- ------ zoologist the Field Worker Experience level: 3 Strength: 13 Dexterity: 9 Constitution: 9 Intelligence: 18 Wisdom: 16 Charisma: 10 Health: 0(28) Energy: 15(15) Def: 7 Gold: 343 Moves: 1527 Dungeon seed: fo3Yau8R0LahDJq8 Game ID: zoologist_1526820636 Your Inventory: Coins $ - 343 gold pieces Weapons a - a +2 bullwhip p - the cursed +0 Giantslayer (weapon in hand) Armor e - an uncursed +0 leather jacket n - an uncursed +0 fedora r - an uncursed +0 orcish helm (being worn) y - an uncursed +0 splint mail (being worn) N - an uncursed +0 Hawaiian shirt Comestibles b - 4 uncursed food rations k - an uncursed slime mold m - an uncursed tin of goblin meat s - an uncursed tin of lichen u - an uncursed tin of jackal meat v - an uncursed pancake Rings l - an uncursed ring of poison resistance Wands j - a wand of striking (0:6) t - a wand of speed monster (0:4) Tools f - an uncursed sack w - a magic flute (0:7) Gems q - an uncursed touchstone z - an uncursed worthless piece of red glass Spells and supernatural/magical abilities: Name Level Category Fail Memory W - pray for help -- divine ? -- Your skills at the end: Fighting Skills Weapon Skills pick-axe [Basic] whip [Basic] Spellcasting Skills Final Attributes: You were piously aligned. You were stealthy. You were fast. You are dead. Vanquished creatures: an acid blob 2 large kobolds 3 giant rats 2 geckos 12 jackals a fox 3 goblins 3 sewer rats a grid bug 5 lichens 5 newts 38 creatures vanquished. Voluntary challenges: You were an atheist. You used a wielded weapon 50 times, starting on turn 7. You read items or engraved 5 times, starting on turn 60. You never genocided any monsters. You never polymorphed an object. You never changed form. You used no wishes. You never split a pudding. You wrote Elbereth's name 4 times, starting on turn 431. You never violated your personal moral code. Dungeon overview: The Dungeons of Doom: levels 1 to 3 Level 1 a long staircase Level 2 a fountain Level 3 <- You were here a general store, a fountain History has recorded: On T:1 you entered the Dungeons of Doom to retrieve the Amulet of Yendor! On T:392 you reached level 2 of The Dungeons of Doom. On T:632 you advanced to experience level 2. On T:906 you advanced to experience level 3. On T:987 you reached level 3 of The Dungeons of Doom. Score breakdown: Gold: 343 ( 8628 points) Experience: 3 levels ( 7878 points) Exploration: 3 levels ( 6.12%) ( 6123 points) Discoveries: 7 items ( 2.35%) ( 4597 points) Valuables value: (no points given unless you survive) Artifact value: 200 ( 7834 points) Variety of kills: 11 monsters ( 2.89%) ( 5097 points) Turncount: 1527 turns ( 0 points) Survival: died (score multiplied by 80%) Total score: 32125 Latest messages: The door closes. You hit the giant rat. You miss the giant rat. The giant rat bites! You miss the giant rat. The giant rat misses. You hit the giant rat. The giant rat bites! You kill the giant rat! You miss the giant rat. The giant rat misses. You hit the giant rat. You miss the giant rat. The giant rat misses. You miss the giant rat. The giant rat misses. You miss the giant rat. The giant rat bites! You miss the giant rat. (2x) The giant rat bites! You miss the giant rat. The giant rat bites! You miss the giant rat. The giant rat bites! You die... Final status: Goodbye zoologist the Archeologist, killed by a giant rat... You died in The Dungeons of Doom on dungeon level 3 with 32125 points, and 343 pieces of gold, after 1527 moves. You were level 3 with a maximum of 28 hit points when you died.